 Dungeon Crawl Stone Soup version 0.18.1-8-gdd0e5ea (webtiles) character file.

11314 GordonOverkill the Destroyer (level 11, -8/94 HPs)
             Began as a Yellow Draconian Fire Elementalist on May 23, 2016.
             Was a Believer of Sif Muna.
             Mangled by an ice devil (11 damage)
             ... summoned by a deep elf mage
             ... in a bailey.
             The game lasted 00:54:18 (11099 turns).

GordonOverkill the Destroyer (DrFE)                Turns: 11099, Time: 00:54:19

Health: -8/94      AC: 16    Str: 11    XL:     11   Next: 47%
Magic:  14/21      EV: 15    Int: 18    God:    Sif Muna [**....]
Gold:   282        SH:  0    Dex:  9    Spells: 4 memorised, 11 levels left

rFire  + + .     SeeInvis .     I - +8 mace "Tilaxzas" {vamp, rPois}
rCold  + . .     Gourm    .     (armour unavailable)
rNeg   . . .     Faith    .     (no shield)
rPois  +         Spirit   .     (helmet restricted)
rElec  .         Dismiss  .     L - +1 cloak
rCorr  +         Reflect  .     (no gloves)
SustAt .         Harm     .     c - +2 pair of boots of Esseim {rF++ Regen+ Dex-3 Slay+2}
MR     .....                    f - amulet of magic regeneration
Stlth  +.........               F - ring of protection from cold (curse)
                                y - +4 ring of protection

@: confused, very slightly contaminated, not resistant to hostile enchantments,
very unstealthy
A: spit acid, acid resistance, unfitting armour, cold-blooded, AC +7
a: Spit Acid, Channel Energy, Renounce Religion


You were in a bailey.
You worshipped Sif Muna.
Sif Muna was pleased with you.
You were not hungry.

You visited 2 branches of the dungeon, and saw 11 of its levels.
You also visited: Bailey.

You collected 623 gold pieces.
You spent 341 gold pieces at shops.

Inventory:

Hand Weapons
 t - a +0 blowgun
 I - the +8 mace "Tilaxzas" (weapon) {vamp, rPois}
   (You found it on level 8 of the Dungeon)

   It inflicts no extra harm, but heals its wielder somewhat when it strikes a
   living foe.
   It protects you from poison.
Missiles
 u - 53 poisoned needles
Armour
 c - the +2 pair of boots of Esseim (worn) {rF++ Regen+ Dex-3 Slay+2}
   (You acquired it on level 5 of the Dungeon)

   It affects your dexterity (-3).
   It affects your accuracy and damage with ranged weapons and melee attacks
   (+2).
   It greatly protects you from fire.
   It increases your rate of regeneration.
 C - a +1 pair of boots
 L - a +1 cloak (worn)
Jewellery
 f - an amulet of magic regeneration (around neck)
 i - an uncursed ring of sustain attributes
 m - a +2 ring of protection
 p - an uncursed ring of protection from magic {unknown}
 y - a +4 ring of protection (left hand)
 F - a cursed ring of protection from cold (right hand)
 H - an uncursed ring of wizardry {unknown}
 K - a cursed ring of teleportation {unknown}
Wands
 o - a wand of iceblast (15/15)
 N - a wand of paralysis (15/24)
Scrolls
 x - 4 scrolls of remove curse
 E - 3 scrolls of recharging
Potions
 e - a potion of cancellation {unknown}
 h - 2 potions of berserk rage
 k - 4 potions of might
 l - a potion of magic {unknown}
 n - a potion of curing
 s - a potion of haste
 v - a potion of mutation {unknown}
 w - a potion of agility
 B - 2 potions of lignification
 D - a potion of flight
Books
 a - a book of Flames

   Spells                             Type                      Level
   a - Flame Tongue                   Conjuration/Fire             1
   b - Throw Flame                    Conjuration/Fire             2
   c - Conjure Flame                  Conjuration/Fire             3
   d - Inner Flame                    Hexes/Fire                   3
   e - Sticky Flame                   Conjuration/Fire             4
   f - Fireball                       Conjuration/Fire             5
 d - a book of the Warp

   Spells                             Type                      Level
   a - Recall                         Summoning/Translocation      3
   b - Gell's Gravitas                Hexes/Translocation          3
   c - Force Lance                    Conjuration/Translocation    4
   d - Warp Weapon                    Charms/Translocation         5
   e - Summon Forest                  Summoning/Translocation      5
 z - a Grand Grimoire

   Spells                             Type                      Level
   a - Monstrous Menagerie            Summoning                    7
   b - Summon Greater Demon           Summoning                    7
   c - Malign Gateway                 Summoning/Translocation      7
   d - Summon Horrible Things         Summoning                    8
 M - a Necronomicon

   Spells                             Type                      Level
   a - Haunt                          Necromancy/Summoning         7
   b - Borgnjor's Revivification      Necromancy                   8
   c - Death's Door                   Charms/Necromancy            8
   d - Necromutation                  Transmutation/Necromancy     8
Comestibles
 b - 6 bread rations
 j - 21 fruits
 q - a beef jerky
 J - a royal jelly


   Skills:
 - Level 8.0 Fighting
 + Level 9.5 Dodging
 - Level 1.7 Stealth
 - Level 7.0 Spellcasting
 - Level 10.0 Conjurations
 - Level 6.0 Fire Magic


You had 11 spell levels left.
You knew the following spells:

 Your Spells              Type           Power        Failure   Level  Hunger
a - Flame Tongue          Conj/Fire      #####        1%          1    None
b - Conjure Flame         Conj/Fire      #####...     1%          3    ##.....
c - Sticky Flame          Conj/Fire      #####...     4%          4    ####...
d - Fireball              Conj/Fire      #####.....   14%         5    #####..


Dungeon Overview and Level Annotations

Branches:
Dungeon (10/15)            Temple (1/1) D:5            Lair (0/8) D:10
    Orc: D:9-12

Altars:
Ashenzari
Cheibriados
Dithmenos
Elyvilon
Fedhas
Gozag
Kikubaaqudgha
Makhleb
Nemelex Xobeh
Okawaru
Pakellas
Qazlal
Ru
Sif Muna
Trog
Vehumet
Xom
Yredelemnul
Zin
The Shining One

Shops:
D:5 !   D:7 !   D:10 **

Annotations:
D:10 Utsuho's ghost, journeyman FoFi


Innate Abilities, Weirdness & Mutations

You can spit globs of acid.
You are resistant to acid.
Your golden yellow scales are hard (AC +7).
Your body does not fit into most forms of armour.
You are cold-blooded and may be slowed by cold attacks.


Message History

The ice devil freezes you. You resist.
* * * LOW HITPOINT WARNING * * *
The demonic crawler barely misses you. x2; The demonic crawler hits you.
* * * LOW HITPOINT WARNING * * *
The demonic crawler burns!
The ice devil burns!
The demonic crawler hits you but does no damage.
The demonic crawler misses you.
The demonic crawler hits you but does no damage.
Unknown command.
Drink which item? (? for menu, Esc to quit)
You are confused.
You feel invigorated.
The demonic crawler burns!
The ice devil burns!
The demonic crawler hits you.
* * * LOW HITPOINT WARNING * * *
The demonic crawler completely misses you.
The demonic crawler hits you but does no damage.
The ice devil hits you.
* * * LOW HITPOINT WARNING * * *
The ice devil freezes you! You resist.
You die...

#####e#####
##....#4...##
#...).#.....#
#..∩..#.....#
#.....#...e)#
###...###.ss##+
##..##'######..##
#..).##...##ss4.#
#....#.....#.@..#
##..##..∩..##..##
######...######
#####


You could see a demonic crawler (burning), an ice devil (burning), a deep elf
mage, a jumping spider and a tarantella.

Vanquished Creatures
  2 hill giants
  Pikel (D:5)
  5 deep elf magi (Bailey)
  2 two-headed ogres (D:9)
  Sigmund (D:5)
  17 yaks
  A hippogriff (D:8)
  A steam dragon (D:9)
  2 hungry ghosts
  Menkaure (D:5)
  2 orc warriors (D:7)
  A black bear (D:6)
  An ice beast (D:6)
  A sky beast (D:7)
  4 slaves (D:5)
  A phantom (D:8)
  2 ogres
  7 centaurs
  4 big kobolds
  7 giant frogs
  6 scorpions
  4 killer bees
  4 wights (D:9)
  A howler monkey (D:4)
  6 crimson imps
  A giant frog zombie (D:6)
  2 centaur zombies
  5 hounds
  A gnoll shaman (D:6)
  4 orc priests
  10 orc wizards
  5 iguanas
  Natasha (twice) (D:3)
  5 worker ants
  A killer bee zombie (D:7)
  2 hound skeletons
  2 worker ant zombies
  15 adders
  10 gnolls
  2 shadow imps
  An ooze (D:1)
  An adder skeleton (D:6)
  5 worms
  7 giant geckos
  50 orcs
  2 ball pythons
  4 giant cockroaches
  10 goblins
  15 hobgoblins
  7 jackals
  22 kobolds
  5 quokkas
  A ball python skeleton (D:4)
  6 bats
  7 giant newts
  A quokka skeleton (D:7)
  7 rats
302 creatures vanquished.

Vanquished Creatures (others)
  6 fungi (D:10)
  3 plants (D:10)
9 creatures vanquished.

Grand Total: 311 creatures vanquished

Notes
Turn   | Place    | Note
--------------------------------------------------------------
     0 | D:1      | GordonOverkill the Draconian Fire Elementalist began the quest for the Orb.
     0 | D:1      | Reached XP level 1. HP: 14/14 MP: 3/3
   134 | D:1      | Reached skill level 2 in Conjurations
   153 | D:1      | Reached XP level 2. HP: 20/20 MP: 1/5
   805 | D:1      | Reached skill level 3 in Conjurations
   882 | D:1      | Reached XP level 3. HP: 26/26 MP: 2/6
  1179 | D:2      | Learned a level 3 spell: Conjure Flame
  1349 | D:2      | Reached XP level 4. HP: 27/33 MP: 2/7
  1614 | D:2      | Reached skill level 4 in Conjurations
  2361 | D:3      | Reached XP level 5. HP: 34/38 MP: 4/8
  2368 | D:3      | Learned a level 4 spell: Sticky Flame
  2793 | D:3      | Reached skill level 5 in Fire Magic
  2860 | D:3      | Reached XP level 6. HP: 15/45 MP: 0/9
  3064 | D:3      | Noticed Natasha
  3073 | D:3      | Killed Natasha
  3252 | D:3      | Noticed Natasha
  3272 | D:3      | Killed Natasha
  3790 | D:4      | Reached skill level 5 in Conjurations
  3996 | D:4      | Your scales start taking on a golden yellow colour.
  3996 | D:4      | Reached XP level 7. HP: 50/50 MP: 2/10
  4210 | D:4      | Reached skill level 6 in Conjurations
  4668 | D:5      | Entered Level 5 of the Dungeon
  4668 | D:5      | Noticed Sigmund
  5008 | D:5      | Killed Sigmund
  5008 | D:5      | Reached skill level 7 in Conjurations
  5339 | D:5      | Reached XP level 8. HP: 55/57 MP: 11/11
  5400 | D:5      | Found a sparkling altar of Nemelex Xobeh.
  5440 | D:5      | Noticed Pikel
  5449 | D:5      | Killed Pikel
  5449 | D:5      | Reached skill level 9 in Conjurations
  5490 | D:5      | Noticed Menkaure
  5495 | D:5      | Killed Menkaure
  6006 | D:5      | Identified a scroll of acquirement
  6009 | D:5      | Got a pair of distressingly furry boots
  6015 | D:5      | Identified the +2 pair of boots of Esseim {rF++ Regen+ Dex-3 Slay+2} (You acquired it on level 5 of the Dungeon)
  6046 | D:5      | Found a staircase to the Ecumenical Temple.
  6053 | D:5      | Reached skill level 10 in Conjurations
  6099 | Temple   | Entered the Ecumenical Temple
  6181 | Temple   | Became a worshipper of Sif Muna the Loreminder
  6206 | D:5      | Found Moso's Distillery.
  6214 | D:5      | Bought a potion of heal wounds for 55 gold pieces
  6214 | D:5      | Bought a potion of heal wounds for 55 gold pieces
  6214 | D:5      | Bought a potion of heal wounds for 55 gold pieces
  6365 | D:6      | Found a bloodstained altar of Trog.
  6384 | D:6      | Noticed a hill giant
  6405 | D:6      | Reached XP level 9. HP: 55/62 MP: 4/14
  6409 | D:6      | Killed a hill giant
  6409 | D:6      | Reached * piety under Sif Muna
  6409 | D:6      | Reached skill level 5 in Spellcasting
  6578 | D:6      | Learned a level 5 spell: Fireball
  6691 | D:6      | Reached ** piety under Sif Muna
  7344 | D:7      | Reached skill level 1 in Fighting
  7759 | D:7      | Found Tesiehir's Distillery.
  7765 | D:7      | Reached skill level 5 in Fighting
  7773 | D:7      | Bought a potion of haste for 140 gold pieces
  7834 | D:7      | Reached XP level 10. HP: 51/81 MP: 11/20
  8472 | D:8      | Found a radiant altar of Vehumet.
  8481 | D:8      | Got a dazzling mace
  9127 | D:8      | Identified the +8 mace "Tilaxzas" {vamp, rPois} (You found it on level 8 of the Dungeon)
  9613 | D:9      | Reached skill level 5 in Dodging
  9841 | D:9      | Found a white marble altar of Elyvilon.
  9999 | D:9      | Reached XP level 11. HP: 83/94 MP: 17/21
 10480 | D:9      | Found a blossoming altar of Fedhas.
 10552 | D:10     | Entered Level 10 of the Dungeon
 10555 | D:10     | Noticed Utsuho's ghost (journeyman FoFi)
 10758 | D:10     | Noticed a hill giant
 10766 | D:10     | Killed a hill giant
 10767 | D:10     | Found Gisudgh's General Store.
 10779 | D:10     | Found Fudd's General Store.
 10787 | D:10     | Bought a scroll of teleportation for 36 gold pieces
 10850 | D:10     | Found a flagged portal.
 10860 | Bailey   | Entered a bailey
 10891 | Bailey   | Noticed a deep elf mage
 10897 | Bailey   | Killed a deep elf mage
 10921 | Bailey   | Noticed a deep elf mage
 10922 | Bailey   | Noticed a deep elf mage
 10922 | Bailey   | Noticed a deep elf mage
 10923 | Bailey   | Noticed a deep elf mage
 10929 | Bailey   | Noticed a sun demon
 10932 | Bailey   | Killed a deep elf mage
 10939 | Bailey   | HP: 3/94 [sun demon[a deep elf mage] (3)]
 10951 | Bailey   | Killed a deep elf mage
 11056 | Bailey   | Killed a deep elf mage
 11079 | Bailey   | Noticed a deep elf mage
 11080 | Bailey   | Noticed a deep elf mage
 11085 | Bailey   | Killed a deep elf mage
 11099 | Bailey   | HP: 3/94 [ice devil[a deep elf mage] (5)]
 11099 | Bailey   | Mangled by an ice devil

Skill      XL: |  1  2  3  4  5  6  7  8  9 10 11 |
---------------+----------------------------------+-----
Conjurations   | 2 3 4 5 7 10 | 10.0
Fire Magic     | 4 5 6 |  6.0
Spellcasting   | 3 7 |  7.0
Fighting       | 5 8 |  8.0
Dodging        | 7 9 |  9.5
Stealth        | |  1.7

Action                   |  1- 3 |  4- 6 |  7- 9 | 10-12 || total
-------------------------+-------+-------+-------+-------++-------
Melee: Unarmed           |     5 |       |       |       ||     5
       Dagger            |       |    25 |    21 |       ||    46
       Tailslap          |       |     3 |    31 |    19 ||    53
       Rapier            |       |       |   377 |    59 ||   436
       Mace              |       |       |       |   159 ||   159
 Cast: Flame Tongue      |    61 |   164 |    49 |    28 ||   302
       Sticky Flame      |       |     7 |    64 |    80 ||   151
       Fireball          |       |       |     1 |     4 ||     5
 Abil: Spit Acid         |       |       |     2 |       ||     2
  Use: Scroll            |       |     6 |    11 |     6 ||    23
       Potion            |       |       |     1 |     5 ||     6
 Stab: Sleeping          |       |     1 |       |       ||     1
       Distracted        |       |       |       |     1 ||     1
  Eat: Chunk             |     2 |    13 |    16 |    23 ||    54
       Meat ration       |       |       |     2 |     1 ||     3
       Beef jerky        |       |       |       |     1 ||     1
Armor: Skin              |     7 |    32 |   194 |   140 ||   373
Dodge: Dodged            |    22 |    63 |   295 |   233 ||   613
